 Dungeon Crawl Stone Soup version 0.32-a0-540-g866d13106e (webtiles) character file.

Game seed: 13324688749129644373

207 grandjackal the Slasher (level 5, -5/42 HPs)
             Began as a Demonspawn Gladiator on Feb 29, 2024.
             Slain by Crazy Yiuf
             ... wielding a +4 quarterstaff of chaos
              (6 damage)
             ... on level 3 of the Dungeon.
             The game lasted 00:04:30 (3322 turns).

grandjackal the Slasher (Demonspawn Gladiator)      Turns: 3322, Time: 00:04:31

Health: -5/42      AC:  4    Str: 15    XL:     5   Next: 54%
Magic:  5/5        EV: 12    Int:  8    God:
Gold:   271        SH:  0    Dex: 16    Spells: 4/4 levels left

rFire   . . .        j - +1 short sword (venom)
rCold   . . .        (no shield)
rNeg    . . .        b - +0 leather armour
rPois   .            (helmet restricted)
rElec   .            (no cloak)
rCorr   .            s - +0 pair of gloves
SInv    .            (no boots)
Will    .....        (no amulet)
Stlth   +            (no ring)
HPRegen 0.27/turn    (no ring)
MPRegen 0.09/turn

%: no passive effects
@: no status effects
A: horns 1, demonic guardian 2
a: no special abilities


You were on level 3 of the Dungeon.
You visited 1 branch of the dungeon, and saw 4 of its levels.

You collected 271 gold pieces.

Inventory:

Hand Weapons
 a - a +0 long sword
 j - a +1 short sword of venom (weapon)
 p - a +1 dagger of venom
 u - the +12 sling "Qesch" {drain, Dex+2}
   (You found it on level 4 of the Dungeon)

   Dex+2:     It affects your dexterity (+2).
Missiles
 d - 4 throwing nets (quivered)
 e - a javelin
Armour
 b - a +0 leather armour (worn)
 s - a +0 pair of gloves (worn)
Wands
 x - a wand of flame (21)
Scrolls
 c - a scroll of brand weapon {unknown}
 f - 5 scrolls of identify {unknown}
 i - 2 scrolls of poison {unknown}
 k - a scroll of fog {unknown}
 m - 4 scrolls of teleportation {unknown}
 n - a scroll of enchant weapon {unknown}
 o - 2 scrolls of noise {unknown}
 r - a scroll of vulnerability {unknown}
 v - a scroll of enchant armour {unknown}
 w - a scroll of butterflies {unknown}
Potions
 g - a potion of cancellation {unknown}
 h - 2 potions of berserk rage {unknown}
 l - 2 potions of lignification {unknown}
 q - a potion of enlightenment {unknown}
 t - a potion of might {unknown}


   Skills:
 + Level 4.0 Fighting
 - Level 4.0 Long Blades
 + Level 1.5 Ranged Weapons
 - Level 2.0 Throwing
 - Level 3.0 Dodging


You had 4 spell levels left.
You didn't know any spells.
Your spell library contained the following spells:

 Spells                   Type           Power      Damage    Failure   Level
 Slow                     Hex            0%         N/A       47%         1
 Confusing Touch          Hex            0%         N/A       85%         3
 Sigil of Binding         Hex            0%         N/A       85%         3
 Vampiric Draining        Necr           0%         2d6       85%         3


Dungeon Overview and Level Annotations

Branches:
Dungeon (4/15)
 Temple: D:4-7

Altars:

Annotations:
D:3 1 runed translucent door, Crazy Yiuf; TheLasagnaBaron's ghost, amateur DgFi


Innate Abilities, Weirdness & Mutations

You have a pair of small horns on your head.
A demonic guardian rushes to your aid.


Message History

Things that are here:
a +0 spear; a gnoll skeleton
There is a stone staircase leading down here.
You climb downwards.
There is a stone staircase leading up, spattered with blood here.
You climb upwards.
Level annotation: 2 runed translucent doors, Crazy Yiuf; TheLasagnaBaron's ghost, amateur DgFi
There is a stone staircase leading down here.
You see here a +0 scale mail.
You see here a +0 hammer.
You see here a +0 hammer.
You see here a +0 hammer.
You see here a +0 hammer.
You see here a +0 hammer.
You open the door. You hit Crazy Yiuf but do no damage.
Crazy Yiuf is poisoned.
Crazy Yiuf hits you with a +4 quarterstaff of chaos!
Crazy Yiuf freezes you.
You closely miss Crazy Yiuf. Your headbutt misses Crazy Yiuf.
Crazy Yiuf is lightly wounded.
Crazy Yiuf closely misses you.
You closely miss Crazy Yiuf.
Crazy Yiuf is lightly wounded.
Crazy Yiuf closely misses you.
You hit Crazy Yiuf but do no damage.
Crazy Yiuf looks as sick as possible!
Crazy Yiuf is lightly wounded.
Crazy Yiuf hits you with a +4 quarterstaff of chaos!
A demonic guardian appears!
You closely miss Crazy Yiuf.
You headbutt Crazy Yiuf, but do no damage.
Crazy Yiuf is moderately wounded.
Crazy Yiuf cries, "Peeping meccalolo mobile!"
Crazy Yiuf hits you with a +4 quarterstaff of chaos!
* * * LOW HITPOINT WARNING * * *
Crazy Yiuf burns you.
* * * LOW HITPOINT WARNING * * *
Your rust devil closely misses Crazy Yiuf.
Crazy Yiuf attacks as he pursues you!
Crazy Yiuf hits you with a +4 quarterstaff of chaos.
You die...

#.##.# ######.###'####.
#.##.# #.# #.# #. #.##.#
##### #.# #.# #.
#.##.######## #).)# #.# #.#
#. #.##........# #)))# #.#
#.# #. #.##..<.....# )4)
### #.# ##. #.##........#
#'# #.###.. #.##........#
##g# #.##..# #.#####...###
#@## #####....## ....#
###...# ##)# #......####
....######### #)## #####.##
# ........##### ##)##
####..# # #...........#
#)..## #..[.##
##......##### #....# #....#
#......# #....# #....#
##############....####....#
#........#.#....[.#..)####


You could see Crazy Yiuf (extremely poisoned, ally target) and a friendly rust
devil (summoned).

Vanquished Creatures
  A bombardier beetle (D:4)
  7 gnolls
  2 adders
  A ribbon worm (D:3)
  A dart slug (D:1)
  An orc (D:4)
  8 ball pythons
  3 bats
  4 endoplasms
  7 giant cockroaches
  5 goblins
  7 hobgoblins
  2 jackals (D:2)
  5 quokkas
  3 frilled lizards (D:2)
  5 kobolds
  6 rats
68 creatures vanquished.

Vanquished Creatures (collateral kills)
  A gnoll (D:3)
1 creature vanquished.

Grand Total: 69 creatures vanquished

Notes
Turn   | Place    | Note
-------+----------+-------------------------------------------
     0 | D:1      | grandjackal the Demonspawn Gladiator began the quest for
                  | the Orb.
     0 | D:1      | Reached XP level 1. HP: 16/16 MP: 1/1
   215 | D:1      | Gained mutation: You have a pair of small horns on your
                  | head. [demonic ancestry]
   215 | D:1      | Reached XP level 2. HP: 22/22 MP: 2/2
   982 | D:2      | Reached XP level 3. HP: 22/28 MP: 3/3
  1884 | D:3      | Gained mutation: A weak demonic guardian rushes to your
                  | aid. [demonic ancestry]
  1884 | D:3      | Reached XP level 4. HP: 12/35 MP: 4/4
  2198 | D:3      | Noticed TheLasagnaBaron's ghost (amateur DgFi)
  2201 | D:3      | Found a runed translucent door.
  2224 | D:4      | HP: 1/35 [gnoll/+0 flail (10)]
  2281 | D:4      | Identified the +12 sling "Qesch" {drain, Dex+2}
  2381 | D:3      | Gained mutation: A demonic guardian rushes to your aid.
                  | [demonic ancestry]
  2381 | D:3      | Reached XP level 5. HP: 19/41 MP: 5/5
  3003 | D:3      | Found a runed translucent door.
  3004 | D:3      | Noticed Crazy Yiuf
  3050 | D:3      | You fall into a shaft and drop 1 floor!
  3069 | D:4      | Reached skill level 1 in Ranged Weapons
  3321 | D:3      | HP: 1/42 [Crazy Yiuf/+4 quarterstaff of chaos (4)]
  3322 | D:3      | Slain by Crazy Yiuf

Illustrated notes

Levels and vault maps discovered:
D:1:      heliophobic_arrival_henge, layout_basic
D:2:      layout_basic
D:3:      layout_basic, hellmonk_ghost_happy_afterlife, gup_sewer_entry_spiral,
          minmay_hedge_maze, uniq_crazy_yiuf_cottage
D:4:      layout_loops_ring, lemuel_doored_altar, overflow_temple_1_default,
          nicolae_tso_besieged_by_evil, minmay_temple_entry_mist

Skill      XL: |  1  2  3  4  5 |
---------------+----------------+-----
Throwing       | 2 |  2.0
Dodging        | 3 |  3.0
Long Blades    | 3 4 |  4.0
Fighting       | 3 4 |  4.0
Ranged Weapons | 1 |  1.5

Action                     |  1- 3 |  4- 6 || total
---------------------------+-------+-------++-------
  Melee: Long sword        |     7 |       ||     7
         Short sword       |    97 |    98 ||   195
         Headbutt          |    11 |    16 ||    27
   Stab: Sleeping          |     2 |       ||     2
 Armour: Leather armour    |    50 |    55 ||   105
  Dodge: Dodged            |    64 |    54 ||   118

Table legend: (Time is in decaauts)
 A = Elapsed time spent in this place.
 B = Non-inter-level travel time spent in this place.
 C = Inter-level travel time spent in this place.
 D = Time resting spent in this place.
 E = Time spent auto-exploring this place.
 F = Levels seen in this place.
 G = Mean time per level.
                   A        B        C        D        E       F      G
               +--------+--------+--------+--------+--------+-----+--------+
         Total |   3343 |   3218 |    125 |    377 |   2091 |   4 |  835.8 |
       Dungeon |   3343 |   3218 |    125 |    377 |   2091 |   4 |  835.8 |
               +--------+--------+--------+--------+--------+-----+--------+

Top non-repeatable levels by time:
     D:3: 1287 daAuts
     D:2: 1040 daAuts
     D:1: 781 daAuts
     D:4: 234 daAuts
